Map: Blackpink LE

Players

Mike

  • Race: Protoss Protoss
  • League: Diamond
  • Spawn Location: 7:00

LVMatterhorn - Winner!

  • Race: Protoss Protoss
  • League: Diamond
  • Spawn Location: 1:00

VOD

Have the link to the VOD?

Description

Quite long Skytoss PvP encountered while trying to learn protoss.

Time

  • Played on: March 26, 2018, 4:55 p.m.
  • Length: 38:36
Show
View Real Time Build Order
Export as new Build Order

Mike Protoss 

Build Orders: Nexus First 

Get SALT Encoding   

  12  0:01  Probe  
  13  0:13  Probe  
  14  0:21  Pylon  
  14  0:25  Probe  
  15  0:39  Probe (Chrono Boost)  
  16  0:48  Probe (Chrono Boost)  
  17  1:02  Nexus  
  17  1:06  Pylon  
  17  1:16  Forge  
  17  1:20  Probe (Chrono Boost)  
  18  1:32  Probe (Chrono Boost)  
  19  1:36  Probe (Chrono Boost)  
  20  1:47  Probe  
  21  1:52  Photon Cannon  
  21  1:59  Probe (Chrono Boost)  
  23  2:10  Probe (Chrono Boost)  
  23  2:16  Probe (Chrono Boost)  
  23  2:17  Nexus  
  23  2:19  Probe (Chrono Boost)  
  25  2:29  Probe x2 (Chrono Boost)  
  27  2:34  Probe (Chrono Boost)  
  28  2:37  Probe  
  28  2:45  Photon Cannon, Probe  
  28  2:49  Probe  
  28  2:51  Photon Cannon  
  30  2:54  Pylon  
  30  2:57  Probe  
  31  2:59  Pylon  
  31  3:01  Probe  
  31  3:03  Photon Cannon  
  32  3:10  Photon Cannon  
  32  3:15  Photon Cannon  
  32  3:22  Photon Cannon  
  32  3:26  Photon Cannon  
  32  3:29  Probe (Chrono Boost)  
  32  3:31  Assimilator  
  33  3:36  Assimilator  
  33  3:39  Probe (Chrono Boost)  
  34  3:43  Assimilator  
  34  3:44  Probe (Chrono Boost)  
  34  3:46  Assimilator  
  36  3:48  Probe (Chrono Boost)  
  36  3:52  Gateway  
  36  3:54  Probe (Chrono Boost)  
  37  4:00  Probe x2 (Chrono Boost)  
  40  4:03  Probe (Chrono Boost)  
  42  4:10  Photon Cannon  
  42  4:11  Probe (Chrono Boost)  
  42  4:14  Probe (Chrono Boost)  
  42  4:15  Probe (Chrono Boost)  
  43  4:21  Probe (Chrono Boost)  
  43  4:22  Probe (Chrono Boost)  
  46  4:24  Probe (Chrono Boost)  
  46  4:26  Protoss Shields Level 1  
  46  4:28  Probe (Chrono Boost)  
  46  4:29  Probe (Chrono Boost)  
  48  4:33  Probe (Chrono Boost)  
  50  4:40  Probe (Chrono Boost)  
  50  4:42  Cybernetics Core  
  50  4:45  Photon Cannon  
  50  4:46  Probe (Chrono Boost)  
  51  4:53  Probe  
  51  4:54  Pylon  
  52  5:03  Pylon  
  52  5:05  Probe  
  53  5:17  Probe  
  53  5:20  Stargate  
  54  5:25  Nexus  
  54  5:29  Photon Cannon x2, Probe  
  54  5:31  Pylon  
  54  5:33  Photon Cannon  
  55  5:36  Protoss Air Weapons Level 1  
  55  5:40  Stargate  
  55  5:41  Probe (Chrono Boost)  
  56  5:43  Assimilator  
  56  5:47  Assimilator  
  56  5:53  Probe (Chrono Boost)  
  57  5:58  Probe (Chrono Boost), Stargate  
  57  6:00  Assimilator  
  57  6:04  Pylon  
  58  6:05  Pylon  
  58  6:08  Probe  
  58  6:09  Photon Cannon  
  59  6:12  Void Ray  
  63  6:19  Assimilator  
  63  6:20  Probe  
  63  6:25  Void Ray, Stargate  
  64  6:32  Probe (Chrono Boost)  
  69  6:34  Fleet Beacon  
  69  6:38  Pylon  
  69  6:44  Probe (Chrono Boost)  
  69  6:46  Probe (Chrono Boost)  
  71  6:52  Nexus  
  73  6:54  Probe (Chrono Boost)  
  73  6:55  Probe (Chrono Boost), Assimilator  
  73  6:58  Photon Cannon  
  73  6:59  Probe x2 (Chrono Boost), Stargate  
  74  7:04  Assimilator  
  74  7:05  Void Ray  
  79  7:10  Probe (Chrono Boost), Void Ray  
  79  7:12  Probe (Chrono Boost)  
  86  7:23  Probe (Chrono Boost)  
  86  7:24  Probe (Chrono Boost), Void Ray  
  91  7:30  Cybernetics Core, Protoss Air Armor Level 1, Probe (Chrono Boost)  
  91  7:31  Probe (Chrono Boost), Void Ray  
  97  7:37  Probe (Chrono Boost)  
  97  7:38  Twilight Council  
  97  7:41  Probe (Chrono Boost)  
  99  7:48  Probe (Chrono Boost)  
  99  7:51  Probe (Chrono Boost)  
  101  7:54  Void Ray  
  101  7:56  Probe (Chrono Boost)  
  101  7:57  Probe (Chrono Boost)  
  101  7:58  Pylon  
  107  8:02  Stargate  
  107  8:05  Probe (Chrono Boost)  
  110  8:07  Probe (Chrono Boost)  
  110  8:08  Probe (Chrono Boost)  
  110  8:11  Protoss Air Weapons Level 2  
  110  8:15  Probe (Chrono Boost), Protoss Shields Level 2  
  110  8:18  Probe x2 (Chrono Boost)  
  110  8:19  Void Ray  
  117  8:20  Probe (Chrono Boost)  
  117  8:22  Photon Cannon, Void Ray  
  120  8:28  Probe x2 (Chrono Boost)  
  121  8:34  Probe (Chrono Boost)  
  121  8:40  Probe (Chrono Boost)  
  123  8:42  Carrier  
  123  8:45  Probe (Chrono Boost)  
  139  8:49  Probe x2 (Chrono Boost)  
  139  8:52  Mothership (Chrono Boost)  
  139  8:55  Pylon  
  138  8:57  Probe (Chrono Boost)  
  138  8:58  Probe (Chrono Boost)  
  138  8:59  Probe (Chrono Boost)  
  138  9:02  Nexus  
  140  9:05  Assimilator  
  140  9:06  Probe x2  
  140  9:08  Probe, Assimilator  
  143  9:15  Photon Cannon  
  143  9:16  Anion Pulse-Crystals  
  143  9:18  Probe x2  
  143  9:19  Photon Cannon  
  143  9:20  Probe (Chrono Boost)  
  143  9:21  Pylon  
  147  9:32  Probe (Chrono Boost)  
  147  9:35  Probe (Chrono Boost)  
  149  9:40  Probe (Chrono Boost)  
  149  9:41  Probe (Chrono Boost)  
  149  9:44  Protoss Air Armor Level 2  
  151  9:46  Probe (Chrono Boost)  
  151  9:51  Carrier  
  151  9:52  Robotics Facility, Probe (Chrono Boost)  
  159  9:53  Probe (Chrono Boost), Carrier  
  159  9:58  Probe (Chrono Boost)  
  159  9:59  Probe (Chrono Boost)  
  174  10:00  Probe (Chrono Boost)  
  174  10:03  Shield Battery  
  174  10:04  Shield Battery  
  174  10:06  Probe  
  175  10:10  Shield Battery  
  175  10:11  Probe  
  175  10:12  Photon Cannon  
  176  10:15  Shield Battery  
  176  10:18  Probe  
  176  10:19  Pylon  
  176  10:20  Graviton Catapult  
  177  10:23  Probe  
  178  10:30  Void Ray  
  182  10:44  Photon Cannon  
  182  10:48  Photon Cannon  
  182  10:50  Carrier  
  182  10:51  Photon Cannon  
  182  10:52  Photon Cannon  
  182  10:56  Photon Cannon x2  
  182  11:06  Pylon  
  182  11:09  Photon Cannon  
  182  11:12  Photon Cannon  
  182  11:14  Protoss Air Weapons Level 3  
  182  11:19  Pylon  
  182  11:24  Carrier x2  
  194  11:29  Protoss Shields Level 3  
  194  11:42  Photon Cannon  
  194  11:45  Pylon  
  194  11:46  Pylon, Probe (Chrono Boost)  
  194  11:56  Probe (Chrono Boost)  
  194  11:59  Mothership (Chrono Boost)  
  195  12:17  Protoss Air Armor Level 3  
  195  12:20  Pylon, Photon Cannon  
  195  12:22  Photon Cannon  
  195  12:25  Photon Cannon  
  195  12:26  Photon Cannon  
  195  12:28  Photon Cannon  
  195  12:38  Photon Cannon  
  195  12:40  Photon Cannon  
  195  12:41  Photon Cannon  
  195  12:43  Photon Cannon  
  195  12:45  Photon Cannon  
  195  12:47  Photon Cannon  
  195  12:51  Photon Cannon  
  195  12:59  Pylon  
  195  13:05  Pylon  
  191  13:11  Pylon  
  191  13:16  Photon Cannon  
  191  13:18  Photon Cannon  
  191  13:20  Photon Cannon  
  191  13:21  Photon Cannon  
  191  13:23  Photon Cannon  
  191  13:34  Photon Cannon  
  191  13:35  Photon Cannon  
  191  13:38  Photon Cannon  
  191  13:41  Pylon  
  191  13:46  Nexus  
  191  13:54  Probe (Chrono Boost)  
  192  14:03  Pylon  
  192  14:04  Probe (Chrono Boost)  
  192  14:09  Probe (Chrono Boost), Nexus  
  192  14:11  Pylon  
  192  14:14  Pylon  
  192  14:15  Pylon  
  193  14:18  Assimilator  
  193  14:20  Probe  
  193  14:22  Photon Cannon  
  194  14:26  Photon Cannon  
  194  14:28  Photon Cannon  
  194  14:29  Photon Cannon  
  194  14:30  Photon Cannon  
  194  14:32  Photon Cannon, Probe  
  194  14:33  Photon Cannon  
  195  14:38  Photon Cannon  
  195  14:39  Photon Cannon  
  195  14:40  Photon Cannon  
  195  14:43  Pylon  
  195  14:46  Photon Cannon  
  195  14:47  Photon Cannon  
  195  14:51  Photon Cannon  
  186  14:54  Probe (Chrono Boost)  
  186  14:55  Photon Cannon  
  175  15:03  Probe (Chrono Boost)  
  176  15:07  Probe (Chrono Boost)  
  176  15:08  Probe (Chrono Boost)  
  176  15:09  Assimilator  
  177  15:18  Probe  
  178  15:30  Probe, Pylon  
  173  15:38  Nexus  
  173  15:42  Probe  
  173  15:47  Pylon  
  173  15:48  Void Ray  
  173  15:49  Void Ray  
  181  15:50  Void Ray  
  181  15:52  Void Ray  
  181  15:54  Probe  
  181  15:55  Void Ray  
  181  15:56  Void Ray  
  196  15:59  Pylon  
  196  16:04  Photon Cannon  
  196  16:05  Photon Cannon x2  
  196  16:09  Photon Cannon  
  196  16:10  Photon Cannon  
  196  16:12  Photon Cannon  
  196  16:14  Pylon  
  196  16:16  Photon Cannon  
  196  16:19  Assimilator  
  196  16:21  Assimilator  
  196  16:23  Photon Cannon  
  196  16:25  Photon Cannon  
  196  16:27  Photon Cannon  
  196  16:30  Photon Cannon  
  196  16:33  Probe (Chrono Boost)  
  197  16:40  Photon Cannon  
  197  16:41  Photon Cannon  
  197  16:42  Probe (Chrono Boost)  
  197  16:44  Photon Cannon  
  197  16:45  Photon Cannon  
  198  16:48  Photon Cannon  
  198  16:49  Pylon  
  198  16:52  Photon Cannon  
  198  17:37  Pylon  
  198  17:40  Pylon  
  198  17:53  Photon Cannon  
  198  17:59  Pylon, Photon Cannon  
  198  18:04  Photon Cannon  
  198  18:06  Photon Cannon, Pylon  
  198  18:11  Pylon  
  198  18:14  Pylon  
  198  18:17  Photon Cannon  
  198  18:19  Photon Cannon  
  198  18:20  Photon Cannon  
  198  18:22  Photon Cannon  
  198  18:26  Photon Cannon  
  198  18:28  Photon Cannon  
  198  18:30  Photon Cannon  
  198  18:32  Photon Cannon  
  198  18:37  Pylon  
  198  18:42  Photon Cannon  
  198  18:44  Pylon  
  198  18:46  Nexus  
  198  18:50  Assimilator  
  198  18:57  Assimilator  
  198  19:03  Photon Cannon  
  198  19:05  Photon Cannon  
  198  19:06  Photon Cannon  
  198  19:11  Photon Cannon  
  198  19:19  Pylon  
  195  19:28  Pylon  
  195  19:35  Nexus  
  195  19:37  Pylon  
  195  19:40  Photon Cannon  
  195  19:41  Photon Cannon  
  195  19:44  Photon Cannon  
  195  19:45  Photon Cannon  
  195  19:47  Photon Cannon  
  195  19:48  Photon Cannon  
  195  19:49  Photon Cannon  
  195  19:51  Photon Cannon  
  195  19:54  Stargate  
  195  19:57  Stargate  
  195  20:02  Photon Cannon  
  195  20:04  Pylon  
  195  20:05  Photon Cannon  
  195  20:07  Photon Cannon  
  195  20:08  Photon Cannon  
  195  20:11  Photon Cannon  
  195  20:13  Photon Cannon  
  195  20:15  Pylon  
  195  20:18  Assimilator  
  195  20:34  Photon Cannon  
  195  20:36  Photon Cannon  
  195  20:38  Photon Cannon  
  195  20:40  Photon Cannon  
  195  20:43  Photon Cannon  
  195  20:45  Pylon  
  195  20:47  Shield Battery, Assimilator  
  195  20:49  Shield Battery  
  195  20:59  Pylon  
  195  21:00  Shield Battery  
  195  21:02  Shield Battery  
  195  21:07  Shield Battery  
  195  21:28  Shield Battery  
  195  21:34  Shield Battery  
  195  21:50  Shield Battery  
  195  21:56  Shield Battery  
  195  22:29  Pylon  
  195  22:35  Pylon  
  195  22:36  Pylon  
  194  22:41  Pylon  
  194  22:42  Pylon  
  194  22:55  Photon Cannon  
  194  23:01  Photon Cannon  
  194  23:03  Photon Cannon  
  194  23:05  Photon Cannon  
  163  23:36  Mothership (Chrono Boost)  
  163  23:39  Photon Cannon  
  163  23:40  Void Ray  
  175  23:42  Void Ray  
  175  23:44  Void Ray  
  175  23:46  Void Ray  
  175  23:48  Void Ray  
  191  23:50  Void Ray  
  195  24:08  Pylon  
  195  24:09  Photon Cannon  
  195  24:11  Photon Cannon  
  195  24:14  Pylon  
  195  24:15  Photon Cannon  
  195  24:18  Nexus  
  195  24:22  Pylon  
  195  24:23  Void Ray  
  199  24:32  Photon Cannon  
  199  24:33  Photon Cannon  
  199  24:34  Photon Cannon  
  199  24:36  Photon Cannon  
  199  24:37  Photon Cannon  
  199  24:43  Shield Battery  
  199  24:46  Shield Battery  
  199  24:51  Photon Cannon  
  198  24:59  Nexus  
  187  25:03  Photon Cannon  
  187  25:06  Void Ray  
  188  25:23  Pylon  
  188  25:24  Photon Cannon  
  188  25:26  Photon Cannon  
  188  25:27  Photon Cannon  
  188  25:30  Photon Cannon  
  188  25:31  Photon Cannon  
  188  25:33  Pylon  
  188  25:42  Pylon  
  188  25:48  Void Ray  
  191  26:00  Void Ray  
  191  26:01  Void Ray  
  195  26:11  Probe  
  189  26:14  Void Ray  
  189  26:15  Void Ray  
  189  26:17  Void Ray  
  193  26:31  Void Ray  
  197  26:38  Nexus  
  197  26:42  Pylon  
  197  26:54  Pylon  
  197  27:01  Photon Cannon  
  197  27:04  Photon Cannon  
  197  27:05  Photon Cannon  
  197  27:06  Photon Cannon  
  197  27:08  Photon Cannon  
  197  27:09  Pylon  
  197  27:12  Photon Cannon  
  197  27:14  Photon Cannon  
  161  27:50  Pylon, Void Ray  
  165  27:51  Void Ray  
  165  27:54  Void Ray  
  165  27:57  Probe  
  182  27:59  Probe  
  182  28:02  Pylon  
  182  28:03  Photon Cannon  
  182  28:05  Photon Cannon x2  
  183  28:07  Mothership (Chrono Boost)  
  183  28:09  Probe (Chrono Boost), Assimilator  
  183  28:12  Probe (Chrono Boost)  
  186  28:15  Probe (Chrono Boost)  
  186  28:16  Assimilator  
  187  28:20  Void Ray  
  187  28:21  Probe (Chrono Boost)  
  187  28:22  Void Ray  
  197  28:27  Probe x2 (Chrono Boost)  
  197  28:29  Probe (Chrono Boost)  
  200  28:38  Probe x2 (Chrono Boost)  
  200  28:49  Nexus  
  200  28:52  Pylon  
  200  28:53  Pylon  
  200  28:57  Pylon  
  200  29:01  Shield Battery  
  200  29:03  Shield Battery  
  200  29:10  Shield Battery  
  200  29:12  Photon Cannon  
  200  29:13  Photon Cannon  
  200  29:21  Photon Cannon  
  200  29:23  Photon Cannon  
  200  29:25  Photon Cannon  
  200  29:26  Photon Cannon  
  200  29:27  Photon Cannon  
  200  29:29  Photon Cannon  
  200  29:32  Photon Cannon  
  200  29:33  Photon Cannon  
  200  29:34  Pylon  
  200  29:36  Photon Cannon  
  200  29:38  Photon Cannon  
  200  29:45  Photon Cannon  
  200  30:11  Nexus  
  200  30:15  Pylon  
  200  30:31  Stargate  
  200  30:33  Stargate  
  200  30:38  Photon Cannon  
  200  30:41  Photon Cannon x2  
  200  30:43  Pylon  
  200  30:44  Photon Cannon  
  200  30:45  Photon Cannon  
  200  30:48  Photon Cannon  
  200  30:49  Pylon  
  200  30:51  Photon Cannon  
  200  30:52  Photon Cannon  
  200  30:54  Photon Cannon  
  200  30:55  Photon Cannon  
  200  30:56  Pylon  
  200  30:58  Photon Cannon x2  
  200  31:02  Photon Cannon  
  200  31:03  Pylon  
  200  31:05  Photon Cannon  
  200  31:07  Pylon  
  200  31:10  Assimilator  
  200  31:15  Assimilator  
  200  31:21  Pylon  
  200  31:40  Photon Cannon  
  200  31:43  Photon Cannon  
  200  31:45  Photon Cannon  
  200  31:48  Photon Cannon  
  200  31:50  Photon Cannon  
  160  32:09  Carrier  
  160  32:10  Carrier  
  160  32:11  Carrier  
  160  32:12  Carrier  
  80  32:24  Carrier  
  80  32:25  Mothership (Chrono Boost)  
  80  32:29  Carrier  
  106  32:41  Carrier  
  106  32:42  Carrier  
  117  32:49  Probe (Chrono Boost)  
  113  32:55  Stargate  
  113  32:57  Stargate  
  108  32:59  Probe (Chrono Boost)  
  108  33:00  Pylon  
  109  33:09  Probe (Chrono Boost)  
  109  33:10  Fleet Beacon  
  109  33:11  Cybernetics Core  
  109  33:21  Stargate  
  105  33:53  Carrier (Chrono Boost)  
  117  33:59  Carrier (Chrono Boost)  
  117  34:00  Stargate  
  119  34:10  Stargate  
  119  34:14  Carrier (Chrono Boost)  
  119  34:19  Pylon  
  119  34:27  Nexus  
  139  34:42  Pylon  
  133  34:47  Stargate  
  133  34:52  Stargate  
  139  34:55  Stargate  
  115  35:15  Stargate  
  127  35:25  Stargate  
  139  35:53  Pylon  
  139  36:10  Stargate  
  127  36:17  Pylon  
  120  36:23  Stargate  
  107  36:34  Stargate  
  107  36:35  Stargate  
  95  36:40  Pylon  
  95  36:41  Pylon  
  95  36:43  Pylon  
  89  36:51  Probe  
  89  36:53  Stargate  
  76  36:56  Stargate  
  76  36:58  Pylon  
  80  37:04  Probe  
  85  37:16  Probe  
  73  37:39  Void Ray  
  73  37:42  Pylon  
  77  37:48  Pylon  
  77  37:50  Pylon  
  72  37:57  Pylon  
  72  38:00  Pylon  
  72  38:02  Pylon  
  72  38:03  Pylon  
  72  38:10  Pylon  
Show
View Real Time Build Order
Export as new Build Order

LVMatterhorn Protoss - Winner!

Build Orders: Zealot Archon 

Get SALT Encoding   

  12  0:00  Probe  
  13  0:13  Probe  
  14  0:19  Pylon  
  14  0:25  Probe  
  15  0:37  Gateway  
  15  0:39  Probe  
  16  0:46  Assimilator  
  16  0:51  Probe  
  17  1:04  Probe  
  18  1:15  Gateway  
  18  1:28  Pylon  
  18  1:34  Cybernetics Core  
  18  1:35  Probe  
  19  1:40  Assimilator  
  19  1:47  Probe  
  20  1:59  Probe  
  21  2:03  Pylon  
  21  2:08  Stalker x2 (Chrono Boost)  
  21  2:12  Warp Gate (Chrono Boost)  
  25  2:20  Probe  
  26  2:30  Adept, Stalker  
  26  2:35  Probe  
  31  3:10  Nexus  
  31  3:13  Shield Battery  
  31  3:23  Robotics Facility  
  31  3:26  Probe  
  32  3:38  Probe  
  32  3:39  Sentry x2  
  37  3:50  Probe, Pylon  
  38  4:02  Probe  
  39  4:11  Immortal  
  39  4:14  Probe (Chrono Boost)  
  44  4:24  Pylon  
  45  4:25  Probe (Chrono Boost)  
  45  4:28  Gateway  
  45  4:30  Probe (Chrono Boost)  
  45  4:32  Probe (Chrono Boost)  
  45  4:36  Sentry  
  49  4:40  Probe  
  49  4:45  Probe  
  51  4:50  Observer (Chrono Boost)  
  52  4:52  Probe  
  52  4:57  Probe  
  54  5:05  Probe  
  55  5:08  Gateway  
  55  5:09  Probe  
  55  5:11  Gateway  
  55  5:13  Pylon  
  56  5:16  Assimilator  
  56  5:17  Probe  
  56  5:19  Assimilator  
  56  5:21  Probe  
  58  5:25  Immortal  
  62  5:34  Twilight Council  
  62  5:38  Probe  
  62  5:39  Probe  
  64  5:51  Probe x2  
  66  6:03  Probe x2  
  68  6:14  Blink (Chrono Boost)  
  68  6:15  Probe x2  
  68  6:18  Immortal  
  73  6:28  Gateway, Stalker x2  
  73  6:31  Pylon  
  77  6:35  Pylon  
  77  6:37  Nexus  
  77  6:50  Pylon  
  77  6:51  Pylon  
  77  7:02  Dark Shrine  
  77  7:06  Templar Archives  
  77  7:11  Stalker x4  
  77  7:12  Stalker  
  87  7:24  Forge  
  87  7:27  Forge  
  87  7:30  Observer  
  87  7:36  Probe x2  
  90  7:41  Stalker x4  
  98  7:48  Probe  
  98  7:49  High Templar x2  
  103  7:52  Archon  
  103  8:01  Protoss Ground Weapons Level 1 (Chrono Boost), Protoss Ground Armor Level 1 (Chrono Boost), Assimilator  
  103  8:05  Probe, Assimilator  
  103  8:06  Probe  
  103  8:08  Shield Battery  
  103  8:10  Shield Battery  
  103  8:12  Stalker  
  107  8:15  Stalker  
  107  8:19  Probe x3  
  112  8:22  Warp Prism (Chrono Boost)  
  114  8:34  Stalker x2  
  114  8:36  Stalker  
  114  8:39  Stalker  
  122  8:42  Stalker  
  124  8:51  Pylon  
  124  8:52  Pylon  
  124  8:55  Pylon  
  124  8:58  Pylon  
  123  9:22  Stalker  
  123  9:23  Stalker x5  
  135  9:39  Gateway  
  135  9:43  Gateway  
  135  9:44  Gateway  
  135  9:46  Gateway  
  135  9:47  Pylon  
  135  9:52  Stalker x5  
  143  9:53  Stalker  
  143  9:57  Pylon  
  103  10:41  Protoss Ground Armor Level 2 (Chrono Boost), Protoss Ground Weapons Level 2 (Chrono Boost)  
  91  10:44  Stalker x5  
  91  10:45  Stalker  
  91  10:46  Warp Prism (Chrono Boost)  
  103  10:54  Nexus  
  105  11:09  Stalker x3  
  105  11:10  Stalker x4  
  119  11:21  Probe x3  
  122  11:33  Probe x3  
  125  11:40  Stalker x4  
  125  11:41  Stalker x2  
  79  12:03  Stalker x4  
  79  12:04  Stalker x2  
  91  12:10  Probe x4  
  95  12:22  Probe x3  
  98  12:35  Stargate  
  98  12:36  Protoss Air Armor Level 1 (Chrono Boost), Stargate  
  98  12:38  Stargate  
  98  12:39  Stargate  
  98  12:47  Assimilator  
  98  12:49  Assimilator  
  98  12:53  Stalker x5  
  98  12:54  Stalker  
  98  13:22  Void Ray x4 (Chrono Boost)  
  98  13:24  Cybernetics Core  
  114  13:30  Probe  
  114  13:31  Probe x3  
  118  13:43  Probe x3  
  121  13:54  Probe, Void Ray x2 (Chrono Boost)  
  121  13:55  Probe x2, Void Ray x2 (Chrono Boost)  
  140  14:06  Fleet Beacon  
  140  14:08  Pylon  
  138  14:30  Pylon  
  138  14:37  Void Ray x4 (Chrono Boost)  
  154  14:57  Protoss Air Armor Level 2 (Chrono Boost)  
  178  15:16  Carrier x2 (Chrono Boost)  
  178  15:22  Carrier (Chrono Boost)  
  178  15:27  Carrier (Chrono Boost)  
  178  16:04  Protoss Air Weapons Level 1 (Chrono Boost)  
  178  16:10  Graviton Catapult  
  178  16:22  Nexus  
  178  16:25  Assimilator  
  178  16:29  Assimilator  
  178  16:32  Pylon  
  196  16:45  Carrier x3 (Chrono Boost)  
  196  16:59  Pylon  
  196  17:02  Nexus  
  196  17:06  Assimilator  
  196  17:07  Protoss Air Armor Level 3 (Chrono Boost)  
  196  17:09  Assimilator  
  192  17:17  Carrier (Chrono Boost)  
  196  17:52  Protoss Air Weapons Level 2 (Chrono Boost)  
  196  18:05  Void Ray  
  200  18:13  Protoss Shields Level 1 (Chrono Boost)  
  200  18:35  Pylon  
  200  18:38  Nexus  
  194  18:41  Assimilator  
  194  18:42  Assimilator  
  194  18:50  Carrier (Chrono Boost)  
  200  20:03  Protoss Shields Level 2 (Chrono Boost)  
  200  20:15  Dark Shrine  
  200  20:16  Mothership (Chrono Boost)  
  186  20:30  Observer, Carrier (Chrono Boost), Protoss Air Weapons Level 3 (Chrono Boost)  
  194  21:14  Carrier (Chrono Boost)  
  200  22:00  Pylon  
  200  22:02  Pylon  
  200  22:06  Protoss Shields Level 3 (Chrono Boost)  
  198  23:01  Nexus  
  198  23:03  Pylon  
  198  23:05  Pylon  
  190  23:25  Carrier x3 (Chrono Boost)  
  190  23:26  Carrier (Chrono Boost)  
  186  23:52  Stargate  
  186  23:53  Stargate  
  186  23:56  Stargate  
  186  23:58  Stargate, Assimilator  
  186  24:00  Mothership (Chrono Boost)  
  194  24:20  Zealot x3  
  194  24:24  Carrier (Chrono Boost)  
  200  25:04  Protoss Ground Armor Level 3 (Chrono Boost), Protoss Ground Weapons Level 3 (Chrono Boost)  
  200  25:24  Assimilator  
  198  26:29  Probe  
  192  26:50  Nexus  
  192  26:52  Pylon  
  192  26:53  Carrier (Chrono Boost)  
  198  26:54  Pylon  
  198  26:56  Pylon  
  198  26:58  Pylon  
  100  27:37  Carrier (Chrono Boost)  
  100  27:42  Carrier x2 (Chrono Boost)  
  118  27:45  Carrier x3 (Chrono Boost)  
  118  27:47  Zealot x3  
  118  27:49  Zealot x2  
  118  27:50  Zealot  
  118  27:51  Carrier (Chrono Boost)  
  124  28:05  Carrier (Chrono Boost)  
  130  28:13  Assimilator  
  130  28:20  Assimilator  
  130  28:32  Mothership (Chrono Boost)  
  130  28:40  Tempest (Chrono Boost)  
  138  28:44  Carrier (Chrono Boost)  
  138  28:47  Tempest  
  144  28:50  Tempest x3  
  162  28:57  Tempest (Chrono Boost)  
  162  28:58  Nexus  
  162  29:00  Pylon  
  162  29:02  Pylon  
  168  29:29  Void Ray x2 (Chrono Boost)  
  168  29:30  Void Ray x2 (Chrono Boost)  
  192  29:39  Void Ray (Chrono Boost)  
  192  29:40  Void Ray (Chrono Boost)  
  192  29:43  Void Ray (Chrono Boost)  
  196  29:56  Psionic Storm  
  196  29:59  Carrier (Chrono Boost)  
  194  30:05  Void Ray (Chrono Boost)  
  200  30:10  Void Ray (Chrono Boost)  
  200  30:59  Pylon  
  194  31:28  High Templar x6  
  194  31:29  High Templar  
  199  31:46  Nexus  
  199  31:49  Assimilator  
  158  32:17  Carrier x3 (Chrono Boost)  
  158  32:18  Carrier x2 (Chrono Boost)  
  200  32:28  Carrier x2 (Chrono Boost)  
  196  33:02  Void Ray (Chrono Boost)  
  194  36:35  Carrier  
Tags
 
Composition
Zealot Archon
Matchup
PvP
Spawn Locations
Cross Positions
Add a new tag
Caveats
  • Supply blocks, unpowered buildings, or Contaminate may cause inaccurate times.
  • Supply counts are checked every 10 seconds.